Map: [ESL] Hecate

Players

Classic

  • Race: Protoss Protoss
  • Spawn Location: 7:00

SKillous - Winner!

  • Race: Protoss Protoss
  • League: Grandmaster
  • Spawn Location: 1:00

Event: IEM Katowice 2024

VOD

Have the link to the VOD?

Description

Time

  • Played on: Dec. 8, 2023, 5:17 p.m.
  • Length: 16:46

All games in this series

Show
View Real Time Build Order
Export as new Build Order

Classic Protoss 

Build Orders: Oracle Opening 

Get SALT Encoding   

  12  0:00  Probe  
  13  0:12  Probe  
  14  0:17  Pylon  
  14  0:24  Probe  
  15  0:35  Gateway  
  15  0:37  Probe (Chrono Boost)  
  16  0:46  Assimilator, Probe (Chrono Boost)  
  17  0:51  Probe (Chrono Boost)  
  17  0:55  Assimilator  
  18  1:03  Probe (Chrono Boost)  
  19  1:08  Gateway  
  19  1:14  Probe (Chrono Boost)  
  20  1:19  Probe (Chrono Boost)  
  20  1:25  Cybernetics Core  
  21  1:29  Probe  
  22  1:36  Pylon  
  22  1:41  Probe  
  23  1:54  Probe  
  24  2:06  Stargate  
  24  2:07  Stalker  
  26  2:15  Stalker  
  28  2:20  Pylon  
  28  2:27  Warp Gate  
  28  2:44  Shield Battery  
  28  2:48  Oracle (Chrono Boost)  
  28  2:51  Shield Battery  
  31  3:12  Gateway  
  31  3:16  Oracle (Chrono Boost)  
  34  3:23  Pylon  
  36  3:29  Shield Battery, Stalker  
  36  3:33  Adept  
  38  3:36  Pylon  
  38  3:52  Shield Battery  
  38  4:09  Pylon  
  42  4:10  Void Ray  
  42  4:15  Stalker  
  44  4:23  Stalker  
  46  4:30  Stalker  
  46  4:35  Gateway  
  46  4:54  Zealot x2  
  48  5:16  Stalker  
  48  5:17  Stalker  
  50  5:25  Robotics Facility  
  46  5:35  Sentry  
  48  5:44  Nexus  
  48  5:55  Stalker  
  47  6:05  Stalker  
  47  6:06  Stalker  
  47  6:12  Warp Prism (Chrono Boost)  
  49  6:21  Zealot  
  51  6:26  Pylon  
  51  6:37  Sentry  
  53  6:43  Observer (Chrono Boost)  
  54  6:48  Probe  
  55  6:56  Immortal (Chrono Boost), Probe  
  60  7:08  Probe  
  60  7:14  Pylon  
  61  7:18  Probe  
  61  7:20  Probe  
  63  7:22  Stalker  
  65  7:30  Stalker  
  65  7:36  Immortal (Chrono Boost)  
  67  7:43  Probe x2  
  71  7:50  Colossus (Chrono Boost)  
  71  7:51  Twilight Council  
  71  8:04  Adept x2  
  75  8:09  Pylon  
  75  8:12  Immortal (Chrono Boost)  
  77  8:26  Gateway  
  69  8:28  Assimilator, Probe  
  69  8:34  Blink (Chrono Boost)  
  70  8:40  Gateway  
  70  8:41  Probe  
  71  8:44  Warp Prism (Chrono Boost)  
  73  8:53  Probe  
  74  8:59  Stalker x2  
  78  9:04  Shield Battery  
  78  9:05  Probe  
  78  9:09  Pylon  
  79  9:17  Probe  
  80  9:26  Stalker x3  
  86  9:36  Stalker  
  85  9:51  Stalker x2  
  93  9:56  Stalker  
  91  10:08  Pylon  
  89  10:16  Stalker x3  
  89  10:20  Shield Battery  
  90  10:21  Shield Battery  
  90  10:26  Stalker  
  92  10:31  Shield Battery  
  92  10:33  Shield Battery  
  91  10:35  Shield Battery  
  91  10:40  Stalker x3  
  85  10:43  Immortal (Chrono Boost)  
  79  10:52  Stalker  
  79  10:54  Pylon  
  61  11:13  Stalker x3  
  71  11:31  Observer (Chrono Boost)  
  67  11:42  Nexus  
  57  11:58  Immortal (Chrono Boost)  
  51  12:06  Stalker x2  
  52  12:14  Stalker  
  52  12:22  Stalker  
  53  12:37  Sentry  
  55  13:02  Probe (Chrono Boost)  
  56  13:14  Pylon  
  60  13:33  Stalker x2  
  64  13:40  Stalker  
  64  13:41  Stalker  
  38  14:08  Probe x2  
  42  14:20  Probe  
  41  14:26  Observer  
  41  14:29  Stalker x2  
  41  14:30  Stalker  
  37  14:45  Stalker  
  39  14:53  Sentry  
  41  15:06  Stalker  
  38  15:16  Sentry  
  40  15:26  Probe (Chrono Boost)  
  40  15:28  Shield Battery  
  42  15:35  Probe (Chrono Boost)  
  42  15:41  Sentry  
  43  15:48  Stalker  
  43  16:01  Stalker  
  39  16:07  Stalker  
  39  16:16  Probe  
  38  16:20  Zealot, Probe  
  41  16:29  Zealot  
  35  16:41  Stalker  
Show
View Real Time Build Order
Export as new Build Order

SKillous Protoss - Winner!

Build Orders:  

Get SALT Encoding   

  12  0:00  Probe  
  13  0:12  Probe  
  14  0:17  Pylon  
  14  0:24  Probe  
  15  0:36  Gateway, Probe (Chrono Boost)  
  16  0:46  Assimilator, Probe (Chrono Boost)  
  17  0:51  Probe (Chrono Boost)  
  17  0:54  Assimilator  
  18  1:03  Probe (Chrono Boost)  
  19  1:13  Probe (Chrono Boost)  
  19  1:14  Gateway  
  19  1:18  Probe (Chrono Boost)  
  20  1:24  Cybernetics Core  
  21  1:29  Probe  
  22  1:37  Pylon  
  22  1:41  Probe  
  23  2:01  Warp Gate (Chrono Boost), Stalker  
  23  2:03  Robotics Facility  
  25  2:09  Stalker  
  27  2:16  Pylon  
  27  2:32  Stalker  
  29  2:39  Stalker  
  32  2:49  Gateway  
  30  2:54  Warp Prism (Chrono Boost)  
  32  3:08  Shield Battery  
  32  3:12  Pylon  
  32  3:23  Probe  
  32  3:25  Observer  
  34  3:43  Sentry  
  34  3:44  Stalker x2  
  34  3:45  Probe  
  41  3:52  Pylon  
  41  3:53  Observer  
  41  4:09  Stalker x2  
  45  4:11  Stalker  
  47  4:17  Probe  
  43  4:30  Probe  
  40  4:36  Stalker  
  40  4:37  Stalker  
  44  4:41  Sentry  
  46  4:46  Probe (Chrono Boost)  
  47  4:55  Probe (Chrono Boost)  
  48  5:00  Probe (Chrono Boost), Stalker  
  48  5:04  Observer  
  46  5:11  Sentry  
  48  5:14  Stalker  
  48  5:20  Probe (Chrono Boost)  
  51  5:31  Twilight Council  
  51  5:33  Probe (Chrono Boost)  
  52  5:42  Pylon  
  52  5:44  Probe  
  53  5:56  Probe  
  53  6:00  Sentry, Stalker  
  55  6:10  Sentry  
  57  6:12  Observer  
  57  6:16  Pylon  
  57  6:24  Observer  
  57  6:27  Blink (Chrono Boost)  
  57  6:46  Probe  
  58  6:49  Nexus  
  58  6:58  Pylon  
  58  7:03  Probe  
  58  7:15  Probe  
  59  7:16  Stalker x2  
  63  7:27  Probe  
  64  7:39  Probe  
  64  7:41  Stalker x2  
  69  7:52  Probe  
  69  7:55  Shield Battery x2  
  70  8:04  Stalker  
  72  8:17  Pylon, Probe  
  72  8:18  Probe  
  72  8:25  Pylon  
  70  8:29  Probe  
  70  8:30  Probe  
  72  8:38  Pylon  
  72  8:40  Observer (Chrono Boost)  
  73  8:41  Phoenix, Probe  
  73  8:48  Stalker x2  
  79  8:49  Stalker  
  79  8:52  Pylon  
  80  8:55  Phoenix  
  80  8:58  Phoenix  
  80  9:05  Observer  
  81  9:11  Gateway  
  81  9:12  Gateway  
  81  9:14  Assimilator  
  81  9:16  Pylon  
  81  9:25  Stalker x2  
  85  9:34  Charge  
  85  9:38  Stalker  
  87  9:51  Stalker x2  
  89  9:53  Gateway  
  89  9:57  Probe  
  90  10:00  Probe  
  91  10:09  Stalker x2, Probe  
  91  10:13  Sentry  
  88  10:38  Stalker x3  
  75  10:49  Probe  
  47  11:30  Probe (Chrono Boost)  
  47  11:36  Probe (Chrono Boost)  
  48  11:43  Observer, Probe  
  45  11:55  Probe  
  45  12:01  Probe  
  45  12:07  Probe (Chrono Boost)  
  46  12:13  Probe (Chrono Boost)  
  46  12:19  Probe (Chrono Boost)  
  47  12:24  Probe (Chrono Boost)  
  47  12:25  Probe (Chrono Boost)  
  49  12:32  Probe (Chrono Boost)  
  49  12:33  Probe (Chrono Boost)  
  51  12:44  Probe (Chrono Boost)  
  51  12:46  Pylon, Probe (Chrono Boost)  
  53  12:53  Probe x2 (Chrono Boost)  
  55  12:58  Probe  
  56  13:08  Probe  
  57  13:13  Stalker  
  57  13:14  Stalker  
  57  13:17  Stalker  
  57  13:18  Sentry  
  65  13:23  Probe  
  65  13:24  Probe  
  65  13:35  Probe  
  58  13:46  Stalker x3  
  60  13:50  Probe  
  60  13:52  Observer  
  43  14:05  Stalker  
  43  14:09  Stalker x2  
  47  14:15  Stalker  
  45  14:34  Stalker x3  
  49  14:39  Probe x2  
  51  14:46  Stalker  
  51  14:51  Probe x2  
  55  14:53  Pylon  
  55  14:58  Stalker  
  57  15:03  Stalker  
  59  15:09  Stalker  
  61  15:16  Stalker  
  61  15:21  Observer  
  63  15:24  Stalker x2  
  63  15:28  Probe x2  
  69  15:31  Stalker  
  71  15:38  Assimilator  
  71  15:48  Stalker x2  
  75  15:52  Stalker  
  75  15:54  Probe  
  77  16:04  Stalker  
  77  16:06  Probe  
  80  16:11  Probe  
  80  16:16  Stalker x2  
  82  16:26  Stalker  
  82  16:27  Stalker  

Tags
 
Add a new tag
Caveats
  • Supply blocks, unpowered buildings, or Contaminate may cause inaccurate times.
  • Supply counts are checked every 10 seconds.